 Seeded DCSS version 0.29-a0-350-g7790a0e70a (webtiles) character file.

Game seed: 7774103814747607012 (custom seed)

70 zeratav the Ruffian (level 4, -6/42 HPs)
             Began as a Naga Fighter on Apr 22, 2022.
             Mangled by a kobold
             ... wielding a +0 whip of electrocution
              (10 damage)
             ... on level 3 of the Dungeon.
             The game lasted 00:03:00 (1651 turns).

zeratav the Ruffian (Naga Fighter)                  Turns: 1651, Time: 00:03:01

Health: -6/42      AC:  0    Str: 20    XL:     4   Next: 22%
Magic:  4/4        EV:  7    Int: 14    God:
Gold:   130        SH:  4    Dex: 11    Spells: 3/3 levels left

rFire   . . .      SeeInvis +   f - +0 rapier {short}
rCold   . . .      Faith    .   b - +0 buckler
rNeg    . . .      Spirit   .   a - +0 scale mail
rPois   +          Reflect  .   (no helmet)
rElec   .          Harm     .   (no cloak)
rCorr   .          Rampage  .   (no gloves)
Will    .....                   (no barding)
Stlth   ..........              (no amulet)
HPRegen 0.14/turn               p - +6 ring of intelligence
MPRegen 0.09/turn               (no ring)

@: corroded, very slow
A: AC +1, large, see invisible, deformed body, poison resistance, slowness 2,
spit poison 1, naga tail 1
a: Spit Poison


You were on level 3 of the Dungeon.
You visited 1 branch of the dungeon, and saw 3 of its levels.

You collected 130 gold pieces.


Innate Abilities, Weirdness & Mutations

Your serpentine skin is tough. (AC +1)
You have supernaturally acute eyesight. (SInv)
Armour fits poorly on your strangely shaped body.
Your system is resistant to poisons. (rPois)
You cover ground very slowly.
You can spit poison.
You have a snake-like lower body.


   Skills:
 - Level 3.0 Fighting
 - Level 2.4 Armour
 - Level 2.4 Shields
 + Level 4.3 Unarmed Combat


You had 3 spell levels left.
You didn't know any spells.
Your spell library was empty.

Inventory:

Hand Weapons
 f - a +0 rapier (weapon) {short}
   (You found it on level 1 of the Dungeon)
Armour
 a - a +0 scale mail (worn)
 b - a +0 buckler (worn)
 m - a scarf of invisibility
   (You found it on level 3 of the Dungeon)
Jewellery
 p - a +6 ring of intelligence (left hand)
   (You found it on level 3 of the Dungeon)
Wands
 h - a wand of polymorph (7)
   (You found it on level 2 of the Dungeon)
Scrolls
 d - 2 scrolls of fog {unknown}
 e - a scroll of magic mapping {unknown}
 g - a scroll of enchant armour {unknown}
 i - a scroll of immolation {unknown}
 j - 2 scrolls of teleportation {unknown}
 n - a scroll of identify {unknown}
Potions
 c - 2 potions of might
 k - 2 potions of curing {unknown}
 l - a potion of lignification {unknown}
 o - a potion of degeneration {unknown}

Dungeon Overview and Level Annotations

Branches:
Dungeon (3/15)

Altars:

Shops:
D:2

( .......$... #.........
##........## #..........#
..# #.....w....##...
#................# #
......Kg...>.....# #
.......@.........+ +
?................# #
.##..............# #
######.........###+###
#########.....†....<.......
........#..................
............#.........>...#
............##.....#.....##
........#####..############


You could see a worm, a hobgoblin and a kobold.


Message History

HP[+5]
Your hp is fully restored (42).
p - a +6 ring of intelligence You feel clever.
p - a +6 ring of intelligence (left hand)
An adder comes into view.
The adder hisses angrily.
The adder bites you.
HP[-3]
You take 3 damage, and now have 39/42 hp.
You barely miss the adder. The adder barely misses you.
You closely miss the adder. The adder barely misses you.
The adder bites you but does no damage.
HP[+1]
You barely miss the adder. The adder bites you but does no damage.
The adder bites you.
You are poisoned.
The adder poisons you!
HP[-2]
You take 2 damage, and now have 38/42 hp.
You closely miss the adder.
You feel sick. The adder barely misses you.
HP[-2]
You take 2 damage, and now have 36/42 hp.
You hit the adder.
You feel sick. You block the adder's attack.
The adder bites you but does no damage.
HP[-1]
You take 1 damage, and now have 35/42 hp.
You hit the adder.
You feel sick. The adder barely misses you.
The adder bites you but does no damage.
HP[-1]
You take 1 damage, and now have 34/42 hp.
You hit the adder but do no damage.
You feel sick.
You are no longer poisoned.
The adder bites you.
HP[-2]
You take 2 damage, and now have 32/42 hp.
You hit the adder. The adder bites you but does no damage.
The adder barely misses you.
HP[+1]
You hit the adder. The adder bites you but does no damage.
The adder barely misses you.
You miss the adder. The adder closely misses you.
You hit the adder.
You kill the adder!
No target in view!
No target in view!
No target in view!
No target in view!
No target in view!
No target in view!
Found a stone staircase leading down.
HP[+9]
Your hp is fully restored (42).
Found a stone staircase leading up.
There is a stone staircase leading down here.
Found a stone staircase leading down.
A worm comes into view.
The worm closely misses you.
You puncture the worm! You hit the worm. The worm bites you.
HP[-2]
You take 2 damage, and now have 40/42 hp.
You hit the worm. You block the worm's attack.
HP[+1]
You hit the worm.
You kill the worm!
You now have 130 gold pieces (gained 17).
A hobgoblin comes into view. It is carrying a wand of acid (6).
The hobgoblin shouts!
HP[+1]
Your hp is fully restored (42).
A kobold comes into view.
It is wielding a +0 whip of electrocution.
A worm comes into view.
You hit the hobgoblin.
The hobgoblin zaps a wand.
The bolt of acid hits you!!
Ouch! That really hurt!
* * * LOW HITPOINT WARNING * * *
The acid corrodes you! The hobgoblin hits you.
* * * LOW HITPOINT WARNING * * *
HP[-29]
You take 29 damage, and now have 13/42 hp.
MASSIVE DAMAGE!! (PAUSE)
You closely miss the hobgoblin.
The hobgoblin zaps a wand.
The bolt of acid misses you.
You hit the hobgoblin but do no damage. You block the hobgoblin's attack.
You hit the hobgoblin but do no damage. You block the hobgoblin's attack.
You closely miss the hobgoblin. The hobgoblin barely misses you.
The hobgoblin hits you.
* * * LOW HITPOINT WARNING * * *
The kobold hits you with a +0 whip of electrocution.
* * * LOW HITPOINT WARNING * * *
HP[-5]
You take 5 damage, and now have 8/42 hp.
You closely miss the hobgoblin.
The kobold hits you with a +0 whip of electrocution.
* * * LOW HITPOINT WARNING * * *
You are electrocuted!
You die...

Skill      XL: |  1  2  3 |
---------------+----------+-----
Unarmed Combat | 3 4 |  4.3
Fighting       | |  3.0
Armour         | |  2.4
Shields        | |  2.4

Action                   |  1- 3 |  4- 6 || total
-------------------------+-------+-------++-------
Melee: Rapier            |   114 |    21 ||   135
       Unarmed           |    13 |       ||    13
Armor: Scale mail        |    46 |     6 ||    52
Dodge: Dodged            |    38 |    10 ||    48
Block: Buckler           |    43 |     4 ||    47

Levels and vault maps discovered:
D:1:      tarquinn_simple_flora_water_d, layout_basic,
          hellmonk_ecumenical_altar_lost_god
D:2:      layout_basic, serial_shops,
          nicolae_shop_temple_entry_statues_fountains
D:3:      layout_rooms, kennysheep_generic_room_13

Notes
Turn   | Place    | Note
-------+----------+-------------------------------------------
     0 | D:1      | zeratav the Naga Fighter began the quest for the Orb.
     0 | D:1      | Reached XP level 1. HP: 21/21 MP: 1/1
     0 | D:1      | magus.rc [v1.9.6]
   280 | D:1      | Reached XP level 2. HP: 28/28 MP: 2/2
   375 | D:1      | Found a faded altar of an unknown god.
   499 | D:1      | Reached skill level 3 in Unarmed Combat
   675 | D:1      | Reached XP level 3. HP: 30/34 MP: 3/3
   849 | D:2      | Found Joxaot's Weapon Shop.
  1253 | D:2      | Reached skill level 4 in Unarmed Combat
  1436 | D:3      | Reached XP level 4. HP: 37/42 MP: 4/4
  1650 | D:3      | HP: 9/42 [hobgoblin (4)]
  1651 | D:3      | HP: 4/42 [kobold/+0 whip of electrocution (5)]
  1651 | D:3      | Mangled by a kobold

Vanquished Creatures
  3 adders
  A worm (D:3)
  6 endoplasms
  2 giant cockroaches (D:1)
  2 goblins (D:1)
  3 hobgoblins
  3 jackals (D:1)
  2 ball pythons (D:2)
  3 bats
  2 frilled lizards
  6 kobolds
  7 rats
40 creatures vanquished.

Table legend:
 A = Non-vault XP
 B = Vault XP
 C = Vault XP percentage of total XP
 D = Non-vault monster count
 E = Vault monster count
 F = Vault count percentage of total count
                 A         B        C        D         E       F
            +---------+---------+-------+---------+---------+-------
      Total |     101 |       0 |   0.0 |      40 |       0 |   0.0
            +---------+---------+-------+---------+---------+-------
        D:1 |      51 |       0 |   0.0 |      24 |       0 |   0.0
        D:2 |      19 |       0 |   0.0 |      13 |       0 |   0.0
        D:3 |      31 |       0 |   0.0 |       3 |       0 |   0.0
            +---------+---------+-------+---------+---------+-------

Illustrated notes

Table legend:
 A = Kills in this place as a percentage of kills in entire the game.
 B = Kills by you in this place as a percentage of kills by you in the entire game.
 C = Kills by friends in this place as a percentage of kills by friends in the entire game.
 D = Other kills in this place as a percentage of other kills in the entire game.
 E = Experience gained in this place as a percentage of experience gained in the entire game.
 F = Experience gained in this place divided by the number of levels of this place that you have seen.
                   A       B       C       D       E      F
               +-------+-------+-------+-------+-------+----------------------
         Total | 100.0 | 100.0 |   N/A |   N/A | 100.0 |  33.7
       Dungeon | 100.0 | 100.0 |   N/A |   N/A | 100.0 |  33.7
               +-------+-------+-------+-------+-------+----------------------

Table legend: (Time is in decaauts)
 A = Elapsed time spent in this place.
 B = Non-inter-level travel time spent in this place.
 C = Inter-level travel time spent in this place.
 D = Time resting spent in this place.
 E = Time spent auto-exploring this place.
 F = Levels seen in this place.
 G = Mean time per level.
                   A        B        C        D        E       F      G
               +--------+--------+--------+--------+--------+-----+--------+
         Total |   1984 |   1942 |     42 |     91 |   1480 |   3 |  661.3 |
       Dungeon |   1984 |   1942 |     42 |     91 |   1480 |   3 |  661.3 |
               +--------+--------+--------+--------+--------+-----+--------+

Top non-repeatable levels by time:
     D:1: 1160 daAuts
     D:2: 553 daAuts
     D:3: 270 daAuts
